 Dungeon Crawl Stone Soup version 0.28.0-47-ge53b351184 (webtiles) character file.

Game seed: 13093430281004658870

4672 Gabide the Thaumaturge (level 10, 0/79 HPs)
             Began as a Mummy Necromancer on May 2, 2022.
             Was a Priest of Kikubaaqudgha.
             Killed by divine providence
             ... invoked by an orc priest
              (16 damage)
             ... on level 8 of the Dungeon.
             The game lasted 00:34:03 (11406 turns).

Gabide the Thaumaturge (Mummy Necromancer)         Turns: 11406, Time: 00:34:05

Health: 0/79       AC:  9    Str: 12    XL:     10   Next: 21%
Magic:  1/23       EV: 14    Int: 18    God:    Kikubaaqudgha [***...]
Gold:   488        SH:  0    Dex: 13    Spells: 8/27 levels left

rFire   . . .      SeeInvis .   d - +5 rapier (drain)
rCold   + . .      Faith    .   (no shield)
rNeg    + + +      Spirit   .   s - +2 leather armour {Will+}
rPois   ∞          Reflect  .   (no helmet)
rElec   .          Harm     .   g - +0 cloak
rCorr   .          Rampage  .   e - +2 pair of gloves
Will    ++...                   (no boots)
Stlth   ++........              (no amulet)
HPRegen 0.23/turn               m - ring of protection from fire
MPRegen 0.18/turn               (no ring)

@: about to teleport
A: cold resistance 1, negative energy resistance 3, torment resistance 2, heat
vulnerability 1, no potions
a: Renounce Religion, Receive Corpses


You were on level 8 of the Dungeon.
You worshipped Kikubaaqudgha.
Kikubaaqudgha was most pleased with you.
You visited 1 branch of the dungeon, and saw 8 of its levels.

You collected 488 gold pieces.

Inventory:

Hand Weapons
 d - a +5 rapier of draining (weapon)
 n - a +5 short sword of freezing
Armour
 a - a +0 robe
 e - a +2 pair of gloves (worn)
 g - a +0 cloak (worn)
 q - +0 steam dragon scales
 s - a +2 leather armour of willpower (worn)
Jewellery
 m - a ring of protection from fire (left hand)
 r - a ring of fire
Wands
 i - a wand of digging (5)
 k - a wand of paralysis (8)
 l - a wand of flame (29)
 p - a wand of mindburst (20)
Scrolls
 b - a scroll of teleportation
 c - a scroll of fog
 f - a scroll of holy word
 h - a scroll of magic mapping
 j - a scroll of amnesia
 o - a scroll of vulnerability
 t - a scroll of immolation {unknown}


   Skills:
 * Level 7.4 Fighting
 * Level 0.8 Armour
 * Level 6.4 Dodging
 - Level 1.5 Stealth
 * Level 9.4 Spellcasting
 * Level 8.5 Necromancy


You had 8 spell levels left.
You knew the following spells:

 Your Spells              Type           Power      Damage    Failure   Level
a - Pain                  Necr           100%       1d9       1%          1
b - Vampiric Draining     Necr           39%        2d8       1%          3
c - Corpse Rot            Necr/Air       46%        N/A       2%          2
d - Animate Dead          Necr           19%        N/A       3%          4
e - Dispel Undead         Necr           39%        3d16      3%          4
f - Agony                 Necr           39%        N/A       9%          5

Your spell library contained the following spells:

 Spells                   Type           Power      Damage    Failure   Level
 Animate Skeleton         Necr           78%        N/A       1%          1
 Foxfire                  Conj/Fire      32%        2x1d5     11%         1
 Freeze                   Ice            32%        1d5       11%         1
 Poisonous Vapours        Pois/Air       16%        N/A       16%         2
 Anguish                  Hex/Necr       11%        N/A       19%         4
 Conjure Flame            Conj/Fire      8%         6-21      32%         3
 Frozen Ramparts          Ice            16%        1d3       32%         3
 Inner Flame              Hex/Fire       8%         N/A       32%         3
 Borgnjor's Vile Clutch   Necr/Erth      11%        N/A       45%         5
 Death Channel            Necr           19%        N/A       45%         6
 Flame Wave               Conj/Fire      8%         2d5       71%         4
 Hailstorm                Conj/Ice       8%         3d4       71%         4
 Olgreb's Toxic Radiance  Pois           8%         N/A       71%         4
 Ozocubu's Refrigeration  Ice            4%         4d5       100%        7
 Summon Hydra             Summ           4%         N/A       100%        7
 Ignition                 Fire           4%         3d4       100%        8
 Sublimation of Blood     Necr           Unusable   N/A       N/A         2
 Wereblood                Tmut           Unusable   N/A       N/A         2

Dungeon Overview and Level Annotations

Branches:
Dungeon (8/15)             Temple (0/1) D:5            Lair (0/6) D:8

Altars:
Elyvilon
Gozag
Kikubaaqudgha
Okawaru
Ru
Trog
The Shining One

Portals:
Abyss: D:4

Annotations:
D:4 2 transporters, Acheron's ghost, amateur TrAM


Innate Abilities, Weirdness & Mutations

You are immune to poison.
Your flesh is cold resistant. (rC+)
You are immune to negative energy. (rN+++)
You are immune to unholy pain and torment.
You are vulnerable to heat. (rF-)
You do not drink.


Message History

The magic dart hits you!
As you read the scroll of teleportation, it crumbles to dust.
You feel strangely unstable. The steam dragon breathes steam at you.
The ball of steam misses you. The yak gores you!
* * * LOW HITPOINT WARNING * * *
You are engulfed in a cloud of scalding steam.
* * * LOW HITPOINT WARNING * * *
The yak is engulfed in a cloud of scalding steam.
The yak is engulfed in a cloud of scalding steam.
Your surroundings suddenly seem different.
An orc priest, 2 orcs and a steam dragon come into view.
Found a chain mail.
Casting: Vampiric Draining (safe; 1% risk of failure)
Confirm with . or Enter, or press ? or * to list all spells.
Aiming: Vampiric Draining (safe; 1% risk of failure)
Press: ? - help, Shift-Dir - straight line, f - orc priest
Aim: an orc priest, wielding a +0 short sword (asleep)
The orc priest shouts!
You draw life force from the orc priest.
You feel life coursing into your body.
The orc shouts! x2
The orc priest hits you but does no damage.
Casting: Vampiric Draining (safe; 1% risk of failure)
Confirm with . or Enter, or press ? or * to list all spells.
Aiming: Vampiric Draining (safe; 1% risk of failure)
Press: ? - help, Shift-Dir - straight line, f/p - orc priest
Aim: an orc priest, wielding a +0 short sword (moderately wounded)
You draw life force from the orc priest.
You feel life coursing into your body.
The orc priest calls down the wrath of Beogh upon you.
Beogh smites you!
* * * LOW HITPOINT WARNING * * *
As you read the scroll of teleportation, it crumbles to dust.
You feel strangely unstable. The orc hits you but does no damage.
The orc misses you.
The orc priest invokes the aid of Beogh against you.
Beogh smites you!
You die...
Kikubaaqudgha rasps: "You have failed me!
Welcome... oblivion!"

##########+#
#...........
#...........
#...oo.[....
####..o@.......
...............
......D........
...............
......#########
...... ......
...... .....


You could see a steam dragon, an orc priest and 2 orcs.

Vanquished Creatures
  A two-headed ogre (D:7)
  Joseph (D:7)
  A shadow (D:7)
  5 yaks
  Eustachio (D:4)
  A steam dragon (D:7)
  Menkaure (D:5)
  An acid dragon (D:8)
  Duvessa (D:4)
  A sky beast (D:5)
  An ice beast (D:7)
  2 black bears
  3 ogres
  A centaur (D:7)
  A bullfrog (D:6)
  A gnoll sergeant (D:4)
  4 scorpions
  Dowan (D:4)
  A water moccasin skeleton (D:6)
  4 wights (D:7)
  3 howler monkeys (D:7)
  2 centaur zombies
  3 orc priests
  A jelly (D:5)
  Crazy Yiuf (D:2)
  A gnoll shaman (D:5)
  3 iguanas
  Natasha (thrice) (D:2)
  3 orc wizards
  Terence (D:2)
  3 hound skeletons
  2 howler monkey zombies (D:5)
  12 gnolls
  6 adders
  2 white imps (D:7)
  A worm (D:3)
  16 orcs
  5 bats
  6 endoplasms
  4 giant cockroaches
  9 goblins
  7 hobgoblins
  4 kobolds
  A quokka (D:5)
  6 ball pythons
  2 frilled lizards (D:2)
  5 rats
145 creatures vanquished.

Vanquished Creatures (others)
  An orc (D:7)
1 creature vanquished.

Grand Total: 146 creatures vanquished

Notes
Turn   | Place    | Note
-------+----------+-------------------------------------------
     0 | D:1      | Gabide the Mummy Necromancer began the quest for the Orb.
     0 | D:1      | Reached XP level 1. HP: 13/13 MP: 4/4
   322 | D:1      | Found a faded altar of an unknown god.
   327 | D:1      | Reached XP level 2. HP: 20/20 MP: 3/5
   330 | D:1      | Prayed at the altar of an unknown god.
   330 | D:1      | Became a worshipper of Kikubaaqudgha
   330 | D:1      | Reached * piety under Kikubaaqudgha
   330 | D:1      | Received a gift from Kikubaaqudgha
   367 | D:1      | Reached skill level 3 in Spellcasting
   741 | D:1      | Reached skill level 1 in Fighting
  1067 | D:2      | Noticed Natasha
  1071 | D:2      | Noticed a crimson imp
  1074 | D:2      | Killed Natasha
  1075 | D:2      | Reached XP level 3. HP: 26/26 MP: 2/7
  1125 | D:2      | Learned a level 3 spell: Vampiric Draining
  1343 | D:2      | Noticed Terence
  1536 | D:2      | Killed Terence
  1537 | D:2      | Reached XP level 4. HP: 28/33 MP: 0/9
  1757 | D:2      | Found a runed translucent door.
  1758 | D:2      | Noticed Crazy Yiuf
  2039 | D:2      | Noticed Natasha
  2047 | D:2      | Killed Natasha
  2342 | D:2      | Killed Crazy Yiuf
  2343 | D:2      | Reached skill level 4 in Spellcasting
  2343 | D:2      | Reached XP level 5. HP: 38/38 MP: 5/11
  2453 | D:3      | Reached ** piety under Kikubaaqudgha
  2628 | D:2      | Noticed Natasha
  2636 | D:2      | Killed Natasha
  3499 | D:3      | Reached skill level 5 in Necromancy
  3499 | D:3      | Reached XP level 6. HP: 44/46 MP: 12/12
  3529 | D:3      | Learned a level 2 spell: Corpse Rot
  3534 | D:3      | Learned a level 4 spell: Animate Dead
  4083 | D:4      | Found a one-way gate to the infinite horrors of the Abyss.
  4083 | D:4      | Noticed Acheron's ghost (amateur TrAM)
  4197 | D:4      | Found a transporter.
  4397 | D:4      | Noticed a small abomination
  4402 | D:4      | Found a transporter.
  4407 | D:4      | Noticed a small abomination
  4602 | D:4      | Noticed Eustachio
  4619 | D:4      | Killed Eustachio
  4620 | D:4      | Reached skill level 5 in Spellcasting
  4998 | D:4      | Noticed Duvessa
  4999 | D:4      | Noticed Dowan
  5017 | D:4      | Killed Duvessa
  5018 | D:4      | Reached XP level 7. HP: 51/53 MP: 1/15
  5029 | D:4      | Killed Dowan
  5357 | D:4      | Found a sacrificial altar of Ru.
  5527 | D:5      | Entered Level 5 of the Dungeon
  5835 | D:5      | Found a bloodstained altar of Trog.
  5889 | D:5      | Noticed a yak
  5890 | D:5      | Noticed a yak
  6214 | D:5      | Found a staircase to the Ecumenical Temple.
  6279 | D:5      | Reached skill level 6 in Spellcasting
  6368 | D:5      | Reached XP level 8. HP: 61/61 MP: 9/17
  6513 | D:5      | Reached *** piety under Kikubaaqudgha
  6513 | D:5      | Received a gift from Kikubaaqudgha
  6717 | D:5      | Learned a level 4 spell: Dispel Undead
  6770 | D:5      | Identified the +0 helmet of the Kraken {Harm}
  7300 | D:4      | Reached skill level 5 in Fighting
  7307 | D:4      | Reached skill level 7 in Spellcasting
  7695 | D:5      | Noticed Menkaure
  7702 | D:5      | Killed Menkaure
  7703 | D:5      | Reached skill level 5 in Dodging
  7710 | D:5      | Found an iron altar of Okawaru.
  7859 | D:5      | Reached XP level 9. HP: 69/69 MP: 11/20
  8175 | D:6      | Found an opulent altar of Gozag.
  8889 | D:6      | Reached skill level 8 in Spellcasting
  9502 | D:6      | Learned a level 5 spell: Agony
  9776 | D:7      | Noticed a two-headed ogre
  9792 | D:7      | Killed a two-headed ogre
 10291 | D:7      | Reached skill level 9 in Spellcasting
 10422 | D:7      | Reached XP level 10. HP: 71/79 MP: 4/23
 10652 | D:7      | Noticed Joseph
 10659 | D:7      | Killed Joseph
 11339 | D:8      | Found a staircase to the Lair.
 11406 | D:8      | Killed from afar by an orc priest

Illustrated notes

Levels and vault maps discovered:
D:1:      mainiacjoe_arrival_reflecting_pool, layout_basic,
          nicolae_ecumenical_snake_handling
D:2:      layout_basic, uniq_natasha, uniq_terence, uniq_crazy_yiuf_cottage
D:3:      layout_rooms
D:4:      layout_layer_cave, nicolae_ru_the_path_less_chosen,
          amethyst_overflow_temple_binary, gammafunk_ghost_abyssal_escape,
          hangedman_decor_slide_cut, uniq_eustachio, uniq_duvessa
D:5:      layout_loops_ring, okawaru_metal_pillars_1_2,
          nicolae_overflow_crystal_walls, temple_hall_moat, uniq_menkaure
D:6:      layout_basic, nicolae_gozag_seed_capital
D:7:      layout_loops_cross, uniq_joseph
D:8:      layout_basic, zin_scriptorium, lair_entry_dummy

Skill      XL: |  1  2  3  4  5  6  7  8  9 |
---------------+----------------------------+-----
Spellcasting   | 3 4 5 6 7 9 |  9.4
Fighting       | 1 2 3 4 5 7 |  7.4
Dodging        | 2 3 4 5 6 |  6.4
Necromancy     | 5 6 7 8 |  8.5
Armour         | |  0.8
Stealth        | |  1.5

Action                   |  1- 3 |  4- 6 |  7- 9 | 10-12 || total
-------------------------+-------+-------+-------+-------++-------
Melee: Unarmed           |     3 |       |       |       ||     3
       Hand axe          |       |    21 |       |       ||    21
       Punch             |       |     3 |     2 |       ||     5
       Falchion          |       |     6 |       |       ||     6
       Rapier            |       |     1 |    82 |    14 ||    97
 Cast: Pain              |    49 |   101 |    68 |    14 ||   232
       Vampiric Draining |     2 |    12 |    63 |    14 ||    91
       Dispel Undead     |       |       |    11 |       ||    11
       Corpse Rot        |       |       |     1 |     1 ||     2
       Agony             |       |       |     2 |     4 ||     6
       Animate Dead      |       |       |       |     1 ||     1
Evoke: Wand              |       |       |     2 |       ||     2
  Use: Scroll            |     1 |     3 |     6 |     2 ||    12
 Stab: Sleeping          |       |     1 |     2 |       ||     3
Armor: Robe              |     3 |    16 |    24 |       ||    43
       Leather armour    |       |       |       |    16 ||    16
Dodge: Dodged            |     9 |    43 |   120 |    15 ||   187
